 Dungeon Crawl Stone Soup version 0.28.0-43-g3370ac3207 (webtiles) character file.

Game seed: 13026396917716018912

231 ChuckTheHack the Poker (level 6, 0/47 HPs)
             Began as a Merfolk Gladiator on Mar 7, 2022.
             Succumbed to a scorpion's poison
             ... on level 4 of the Dungeon.
             The game lasted 00:09:58 (3772 turns).

ChuckTheHack the Poker (Merfolk Gladiator)          Turns: 3772, Time: 00:09:58

Health: 0/47       AC:  5    Str: 15    XL:     6   Next: 3%
Magic:  6/6        EV: 13    Int:  9    God:
Gold:   152        SH:  0    Dex: 15    Spells: 5/5 levels left

rFire   . . .      SeeInvis .   a - +0 trident
rCold   . . .      Faith    .   (no shield)
rNeg    . . .      Spirit   .   b - +0 leather armour
rPois   .          Reflect  .   i - +0 helmet
rElec   .          Harm     .   (no cloak)
rCorr   +          Rampage  .   (no gloves)
Will    .....                   p - +0 pair of boots
Stlth   ++........              (no amulet)
HPRegen 0.15/turn               k - ring of resist corrosion
MPRegen 0.10/turn               (no ring)

@: lethally poisoned (0 -> -6)
A: (nimble swimmer 2), mertail
a: no special abilities


You were on level 4 of the Dungeon.
You visited 1 branch of the dungeon, and saw 4 of its levels.

You collected 152 gold pieces.

Inventory:

Hand Weapons
 a - a +0 trident (weapon)
Missiles
 d - a throwing net (quivered)
 f - 7 poisoned darts
 m - 3 atropa-tipped darts
Armour
 b - a +0 leather armour (worn)
 i - a +0 helmet (worn)
 p - a +0 pair of boots (worn)
Jewellery
 k - a ring of resist corrosion (left hand)
Scrolls
 c - 2 scrolls of amnesia {unknown}
 e - 2 scrolls of enchant armour {unknown}
 h - 3 scrolls of teleportation {unknown}
 j - a scroll of fog {unknown}
 q - a scroll of brand weapon {unknown}
Potions
 g - a potion of heal wounds {unknown}
 l - a potion of flight {unknown}
 n - a potion of brilliance {unknown}
 r - a potion of attraction {unknown}


   Skills:
 + Level 3.3 Fighting
 + Level 5.5 Polearms
 + Level 3.0 Throwing
 + Level 1.4 Armour
 - Level 5.0 Dodging
 + Level 2.6 Stealth


You had 5 spell levels left.
You didn't know any spells.
Your spell library was empty.

Dungeon Overview and Level Annotations

Branches:
Dungeon (4/15)             Temple (0/1) D:4

Altars:
Hepliaklqana
Makhleb
Xom

Annotations:
D:1 1 runed translucent door
D:2 Terence


Innate Abilities, Weirdness & Mutations

((You are very nimble when in or above water. (Stealth+, EV+, Speed+++)))
Your lower body shifts to a powerful aquatic tail in water.


Message History

The scorpion is caught in the net!
The scorpion struggles against the net.
The scorpion struggles against the net.
You hit the goblin.
You kill the goblin!
The scorpion struggles against the net. x2
The scorpion struggles against the net.
The net rips apart, and the scorpion comes free!
Things that are here:
a +0 dagger; a goblin corpse Reach: a) +0 trident
Press: ? - help, Dir - move target, f/p - scorpion
Aim: a scorpion (about 40% to evade your +0 trident)
Okay, then.
It was a potion of curing.
You feel better.
You hit the scorpion but do no damage. The scorpion stings you!
* * * LOW HITPOINT WARNING * * *
You are lethally poisoned!
The scorpion poisons you!
You hit the scorpion but do no damage.
* * * LOW HITPOINT WARNING * * *
You feel very sick. The scorpion barely misses you.
You hit the scorpion but do no damage.
* * * LOW HITPOINT WARNING * * *
You feel sick. The scorpion barely misses you.
You feel better. The scorpion stings you.
* * * LOW HITPOINT WARNING * * *
You are lethally poisoned!
The scorpion poisons you!
The scorpion stings you but does no damage.
You barely miss the scorpion.
* * * LOW HITPOINT WARNING * * *
You feel very sick. The scorpion barely misses you.
You closely miss the scorpion.
* * * LOW HITPOINT WARNING * * *
You feel sick. The scorpion barely misses you.
You hit the scorpion but do no damage.
You die...

### ### #.####.#
#......# #.####.#
#.# #<#
###############.#
#.##
#....s@......##.#
#.#.
#.##########.##.#
#... #.# ######
#.######.
#....#s# #....#
#......'.
..##....#.#
#.##.# ########.
........#.#
#.#..# #...
........#)#
#.#..# #.#.
........#.#
#.#..# #.#.
.>......#.#
###'#..#
######+#.


You could see a scorpion.

Vanquished Creatures
  A howler monkey (D:4)
  A crimson imp (D:3)
  Jessica (D:2)
  An iguana (D:4)
  3 adders (D:3)
  2 worms
  A dart slug (D:3)
  9 orcs
  2 endoplasms
  3 giant cockroaches
  10 goblins
  4 hobgoblins
  3 jackals
  4 kobolds
  A quokka (D:3)
  5 ball pythons (D:1)
  4 bats
  2 frilled lizards
  A rat (D:3)
58 creatures vanquished.

Notes
Turn   | Place    | Note
-------+----------+-------------------------------------------
     0 | D:1      | ChuckTheHack the Merfolk Gladiator began the quest for the
                  | Orb.
     0 | D:1      | Reached XP level 1. HP: 16/16 MP: 1/1
     0 | D:1      | Noticed a jelly
     1 | D:1      | Found a runed translucent door.
   352 | D:1      | Reached XP level 2. HP: 23/23 MP: 2/2
  1033 | D:2      | Reached skill level 1 in Stealth
  1157 | D:2      | Reached XP level 3. HP: 28/28 MP: 3/3
  1227 | D:2      | Found a hazy altar of Hepliaklqana.
  1352 | D:2      | Noticed Jessica
  1359 | D:2      | Killed Jessica
  1522 | D:2      | Reached XP level 4. HP: 32/34 MP: 4/4
  1564 | D:2      | Noticed Terence
  1776 | D:2      | Reached skill level 5 in Polearms
  2027 | D:2      | Found a faded altar of an unknown god.
  2740 | D:3      | Reached skill level 1 in Armour
  2982 | D:3      | Reached XP level 5. HP: 41/41 MP: 5/5
  3208 | D:3      | Found a shimmering altar of Xom.
  3209 | D:3      | Found a burning altar of Makhleb.
  3387 | D:4      | Reached skill level 5 in Dodging
  3643 | D:4      | Found a staircase to the Ecumenical Temple.
  3701 | D:4      | Reached XP level 6. HP: 44/47 MP: 6/6
  3771 | D:4      | HP: 2/47 [poisoned by a scorpion]
  3772 | D:4      | Succumbed to a scorpion's poison

Illustrated notes

Levels and vault maps discovered:
D:1:      dpeg_arrival_caged_fury, layout_loops_corners
D:2:      layout_loops_corners, shapermc_ecumenical_altar_hornbeckon,
          basic_altar, uniq_terence, uniq_jessica
D:3:      layout_basic, grunt_temple_overflow_champion_of_chaos
D:4:      layout_basic, minmay_temple_entry_waves, grunt_ministairs_9

Skill      XL: |  1  2  3  4  5 |
---------------+----------------+-----
Stealth        | 1 2 |  2.6
Polearms       | 5 |  5.5
Armour         | 1 |  1.4
Fighting       | 3 |  3.3
Dodging        | 5 |  5.0
Throwing       | 3 |  3.0

Action                   |  1- 3 |  4- 6 || total
-------------------------+-------+-------++-------
Melee: Trident           |    93 |   156 ||   249
       Punch             |       |     1 ||     1
Throw: Throwing net      |       |     2 ||     2
  Use: Potion            |       |     2 ||     2
 Stab: Sleeping          |     3 |     3 ||     6
Armor: Leather armour    |    25 |    18 ||    43
Dodge: Dodged            |    64 |    72 ||   136
